Map: Pillars of Gold LE

Players

Garitos

  • Race: Zerg Zerg
  • League: Grandmaster
  • Spawn Location: 7:00

HellraiseR - Winner!

  • Race: Protoss Protoss
  • League: Grandmaster
  • Spawn Location: 1:00

Event: DreamHack SC2 Masters 2020 Fall

VOD

Have the link to the VOD?

Description

Time

  • Played on: Sept. 3, 2020, 11:56 a.m.
  • Length: 12:18

All games in this series

Show
View Real Time Build Order
Export as new Build Order

Garitos Zerg 

Build Orders: Hatch First 

Get SALT Encoding   

  12  0:00  Drone  
  13  0:12  Overlord  
  13  0:17  Drone  
  14  0:30  Drone x2  
  16  0:50  Hatchery  
  16  0:53  Drone  
  16  0:57  Drone  
  16  1:00  Extractor  
  16  1:14  Spawning Pool  
  16  1:18  Drone  
  16  1:22  Drone  
  17  1:26  Drone  
  18  1:39  Drone  
  19  1:58  Drone  
  19  2:00  Overlord  
  19  2:01  Metabolic Boost  
  20  2:02  Queen  
  22  2:09  Zergling x4  
  24  2:18  Zergling x2  
  24  2:19  Zergling x2  
  26  2:24  Zergling x2  
  28  2:34  Zergling x2  
  29  2:41  Hatchery  
  27  2:45  Zergling x2  
  27  2:48  Zergling x2  
  29  2:53  Zergling x2  
  29  2:56  Zergling x2  
  30  3:02  Zergling x2  
  31  3:06  Zergling x2  
  31  3:09  Zergling x2  
  33  3:17  Zergling x2  
  33  3:20  Zergling x2  
  34  3:27  Zergling x2  
  34  3:32  Zergling x2  
  35  3:40  Overlord  
  35  3:42  Zergling x2  
  35  3:46  Zergling x2  
  35  3:49  Overlord  
  35  3:50  Zergling x2  
  35  3:57  Zergling x2  
  35  4:02  Zergling x2  
  34  4:03  Zergling x2  
  35  4:12  Zergling x2  
  35  4:16  Zergling x2  
  35  4:19  Drone x4  
  35  4:20  Drone, Queen  
  35  4:22  Drone  
  41  4:30  Drone  
  40  4:34  Drone  
  40  4:36  Drone  
  41  4:39  Drone  
  41  4:40  Drone x2  
  41  4:41  Drone  
  44  4:51  Drone x2  
  44  4:53  Drone  
  44  4:54  Drone x2  
  44  4:58  Drone  
  46  5:08  Drone x2  
  46  5:09  Drone, Queen  
  46  5:14  Spore Crawler x2  
  50  5:16  Spore Crawler  
  50  5:20  Lair  
  48  5:24  Baneling Nest  
  47  5:29  Drone  
  47  5:30  Drone  
  47  5:34  Drone x3  
  47  5:35  Drone  
  45  5:49  Drone  
  46  5:53  Drone x2  
  46  5:54  Drone x3  
  46  5:55  Drone x3, Extractor  
  52  6:03  Zergling x8  
  52  6:04  Zergling x2  
  57  6:21  Baneling x4  
  57  6:22  Baneling  
  57  6:26  Evolution Chamber, Overlord  
  57  6:29  Drone  
  57  6:30  Overlord  
  57  6:34  Queen  
  57  6:37  Overlord  
  57  6:44  Drone x2, Hydralisk Den  
  57  6:45  Drone x3, Extractor  
  57  6:46  Drone  
  61  6:48  Drone  
  61  6:51  Drone  
  63  7:00  Drone x4  
  63  7:01  Drone  
  68  7:03  Zerg Melee Weapons Level 1  
  68  7:15  Zergling x8  
  71  7:16  Zergling x6  
  71  7:22  Drone x4  
  79  7:24  Extractor  
  79  7:25  Extractor  
  79  7:27  Grooved Spines, Extractor  
  76  7:30  Spore Crawler  
  76  7:31  Hydralisk  
  76  7:35  Spore Crawler  
  72  7:41  Hydralisk  
  60  7:46  Drone  
  60  7:47  Drone x2, Hydralisk  
  60  7:50  Drone x4  
  67  7:54  Hydralisk  
  67  7:56  Spore Crawler  
  61  8:07  Hydralisk x2  
  63  8:13  Drone x5  
  63  8:14  Drone x2  
  63  8:19  Hydralisk  
  72  8:21  Hydralisk  
  74  8:27  Hydralisk  
  74  8:28  Hydralisk  
  78  8:38  Hydralisk  
  78  8:39  Hydralisk  
  81  8:41  Overlord  
  81  8:50  Drone  
  81  8:51  Overlord  
  82  9:03  Zergling x14, Centrifical Hooks  
  82  9:06  Drone  
  70  9:21  Drone  
  70  9:22  Drone x2, Hydralisk x3  
  74  9:24  Queen  
  74  9:29  Hydralisk x2  
  80  9:32  Hydralisk  
  80  9:36  Hydralisk  
  80  9:38  Drone x2  
  86  9:50  Hydralisk x3  
  86  9:51  Hydralisk  
  92  9:58  Baneling x5  
  92  10:03  Overlord  
  92  10:11  Drone x2, Overlord  
  92  10:13  Muscular Augments  
  93  10:21  Overlord  
  92  10:25  Overlord  
  92  10:26  Hydralisk x2  
  95  10:28  Hatchery  
  95  10:29  Hydralisk  
  95  10:32  Hydralisk  
  95  10:35  Hydralisk  
  100  10:37  Hydralisk  
  102  10:43  Zergling x4  
  102  10:47  Zergling x2  
  103  10:51  Zergling x2  
  103  10:52  Zergling x6  
  104  10:57  Zergling x8  
  104  11:01  Zergling x2  
  105  11:04  Zergling x2  
  105  11:06  Evolution Chamber  
  105  11:07  Zergling x2  
  105  11:10  Zergling x2  
  102  11:12  Zergling x2  
  102  11:13  Hydralisk x3  
  102  11:17  Hydralisk  
  106  11:22  Zergling x2  
  106  11:24  Lurker Den  
  101  11:27  Hydralisk x2  
  101  11:32  Hydralisk  
  95  11:34  Hydralisk  
  95  11:36  Hydralisk  
  95  11:46  Hydralisk  
  97  11:48  Hydralisk  
  97  11:51  Zergling x2  
  97  11:53  Zergling x2  
Show
View Real Time Build Order
Export as new Build Order

HellraiseR Protoss - Winner!

Build Orders: 1 Gate Expand, Oracle Opening 

Get SALT Encoding   

  12  0:00  Probe  
  13  0:12  Probe  
  14  0:20  Pylon  
  14  0:24  Probe  
  15  0:38  Probe (Chrono Boost)  
  15  0:39  Gateway  
  16  0:46  Probe (Chrono Boost)  
  16  0:48  Assimilator  
  17  0:52  Probe  
  18  1:05  Probe  
  19  1:17  Probe  
  20  1:28  Nexus  
  20  1:38  Cybernetics Core  
  20  1:41  Probe  
  21  1:49  Assimilator  
  21  1:53  Probe  
  22  2:00  Pylon  
  22  2:05  Probe  
  23  2:15  Adept (Chrono Boost)  
  23  2:18  Probe  
  23  2:20  Stargate  
  26  2:31  Probe (Chrono Boost)  
  26  2:36  Stalker (Chrono Boost)  
  27  2:40  Probe (Chrono Boost)  
  31  2:48  Probe (Chrono Boost)  
  31  2:49  Probe (Chrono Boost)  
  33  2:59  Void Ray (Chrono Boost), Gateway  
  34  3:08  Probe  
  34  3:10  Probe  
  38  3:19  Shield Battery  
  38  3:26  Cybernetics Core  
  38  3:27  Adept  
  38  3:37  Oracle  
  41  3:41  Shield Battery  
  41  3:50  Pylon  
  41  3:51  Pylon  
  41  3:55  Pylon  
  41  4:04  Adept  
  41  4:05  Adept  
  42  4:14  Cybernetics Core  
  43  4:20  Oracle  
  43  4:22  Probe  
  46  4:26  Probe  
  47  4:34  Probe  
  48  4:41  Probe  
  49  4:46  Adept x2, Probe  
  51  4:53  Probe  
  51  4:58  Probe (Chrono Boost)  
  54  5:10  Probe (Chrono Boost)  
  54  5:11  Probe (Chrono Boost)  
  54  5:12  Stargate  
  54  5:13  Assimilator  
  55  5:17  Probe (Chrono Boost)  
  55  5:18  Assimilator  
  55  5:19  Probe (Chrono Boost)  
  57  5:23  Warp Gate  
  57  5:24  Probe  
  58  5:30  Probe  
  59  5:37  Probe  
  59  5:42  Probe  
  61  5:49  Probe  
  65  5:50  Oracle (Chrono Boost)  
  65  5:54  Probe  
  66  5:59  Oracle (Chrono Boost), Pylon  
  66  6:01  Probe  
  66  6:02  Pylon  
  70  6:09  Pylon  
  70  6:17  Probe x2  
  72  6:18  Nexus  
  72  6:22  Pylon  
  72  6:25  Oracle (Chrono Boost)  
  75  6:29  Probe x2  
  75  6:32  Oracle (Chrono Boost)  
  80  6:45  Probe x2  
  80  6:46  Shield Battery  
  82  6:49  Pylon  
  82  6:50  Pylon  
  85  6:57  Oracle (Chrono Boost), Probe  
  85  7:00  Oracle (Chrono Boost), Probe  
  90  7:10  Probe  
  90  7:12  Probe  
  90  7:15  Twilight Council, Forge  
  92  7:21  Adept x2  
  92  7:22  Probe  
  97  7:24  Shield Battery, Probe  
  98  7:32  Probe  
  98  7:34  Probe  
  98  7:36  Probe  
  98  7:41  Adept  
  98  7:42  Oracle (Chrono Boost), Sentry  
  102  7:44  Probe  
  102  7:45  Oracle (Chrono Boost)  
  102  7:46  Probe  
  102  7:48  Probe  
  111  7:55  Assimilator  
  111  7:56  Probe  
  111  7:58  Probe  
  113  8:00  Assimilator, Probe  
  113  8:02  Cybernetics Core, Photon Cannon  
  113  8:05  Blink  
  104  8:06  Protoss Ground Weapons Level 1 (Chrono Boost)  
  104  8:08  Adept x2  
  104  8:11  Probe  
  107  8:22  Gateway  
  107  8:23  Gateway  
  107  8:32  Stalker  
  107  8:33  Pylon  
  107  8:34  Stalker  
  111  8:50  Gateway  
  111  8:53  Robotics Facility, Gateway  
  111  8:56  Gateway  
  111  8:57  Nexus  
  111  9:00  Gateway  
  111  9:01  Sentry x2  
  103  9:22  Stalker x2  
  103  9:24  Stalker x2  
  111  9:30  Pylon, Probe x2  
  111  9:31  Probe  
  114  9:39  Warp Prism (Chrono Boost)  
  114  9:44  Probe  
  114  9:45  Probe  
  118  9:46  Stalker x3  
  118  9:47  Stalker x2  
  128  9:53  Protoss Ground Weapons Level 2 (Chrono Boost)  
  128  9:54  Stalker x2  
  128  9:58  Photon Cannon, Stalker  
  134  10:01  Photon Cannon  
  134  10:14  Sentry x2, Stalker x3  
  140  10:16  Observer  
  145  10:21  Stalker x2  
  145  10:23  Sentry  
  145  10:26  Probe  
  152  10:29  Robotics Bay  
  152  10:31  Assimilator  
  152  10:32  Pylon  
  152  10:43  Stalker x5  
  155  10:58  Probe x2  
  155  11:01  Stalker x3  
  163  11:11  Stalker x4  
  163  11:13  Probe  
  162  11:33  Stalker x4  
  162  11:36  Pylon  
  162  11:38  Pylon  
  170  11:48  Assimilator  
  170  11:59  Stalker x7  
  170  12:00  Stalker  

Tags
 
Add a new tag
Caveats
  • Supply blocks, unpowered buildings, or Contaminate may cause inaccurate times.
  • Supply counts are checked every 10 seconds.